 Dungeon Crawl Stone Soup version 0.31-a0-233-g139696dc86 (webtiles) character file.

Game seed: 1017072658778160504

176 qw the Shooter (level 5, -1/30 HPs)
             Began as a Gargoyle Hexslinger on July 7, 2023.
             Slain by Pikel
             ... wielding a +1 whip of flaming
              (2 damage)
             ... on level 4 of the Dungeon.
             The game lasted 00:00:58 (2593 turns).

qw the Shooter (Gargoyle Hexslinger)                Turns: 2593, Time: 00:00:59

Health: -1/30      AC: 13    Str: 12    XL:     5   Next: 56%
Magic:  6/6        EV: 10    Int: 13    God:
Gold:   149        SH:  0    Dex: 14    Spells: 5/6 levels left

rFire   . . .        Y - +1 sling (heavy)
rCold   . . .        (no shield)
rNeg    + . .        i - +0 ring mail
rPois   inf          (no helmet)
rElec   +            (no cloak)
rCorr   +            c - +3 pair of gauntlets of War {Slay+5}
SInv    .            (no boots)
Will    +....        (no amulet)
Stlth   +            e - ring of willpower
HPRegen 0.25/turn    b - ring of resist corrosion
MPRegen 0.10/turn

%: no passive effects
@: no status effects
A: sickness immunity, AC +4, negative energy resistance 1, electricity
resistance, torment resistance 1, petrification resistance
a: no special abilities


You were on level 4 of the Dungeon.
You visited 1 branch of the dungeon, and saw 4 of its levels.

You collected 149 gold pieces.


Innate Abilities, Weirdness & Mutations

You are immune to sickness and miasma.
Your stone body is resilient. (AC +4)
You are immune to poison.
You resist negative energy. (rN+)
You are resistant to electric shocks. (rElec)
You are resistant to unholy torment.
You are immune to petrification.


   Skills:
 + Level 2.0 Fighting
 - Level 5.2 Ranged Weapons
 - Level 1.0 Armour
 - Level 1.5 Dodging
 - Level 1.0 Spellcasting
 - Level 2.6 Hexes


You had 5 spell levels left.
You knew the following spells:

 Your Spells              Type           Power      Damage    Failure   Level
a - Slow                  Hex            28%        N/A       22%         1

Your spell library contained the following spells:

 Spells                   Type           Power      Damage    Failure   Level
 Inner Flame              Hex/Fire       4%         N/A       73%         3
 Portal Projectile        Hex/Tloc       8%         N/A       73%         3
 Cause Fear               Hex            3%         N/A       91%         4

Inventory:

Hand Weapons
 Y - a +1 heavy sling (weapon)
Armour
 c - the +3 pair of gauntlets of War (worn) {Slay+5}
   (You acquired it on level 3 of the Dungeon)

   Slay:      It affects your accuracy & damage with ranged weapons and melee
   (+5).
 i - a +0 ring mail (worn)
Jewellery
 b - a ring of resist corrosion (right hand)
 e - a ring of willpower (left hand)
 k - a ring of resist corrosion
Scrolls
 a - a scroll of blinking {unknown}
 h - 3 scrolls of identify
 j - a scroll of enchant armour {unknown}
Potions
 d - a potion of might {unknown}
 f - a potion of degeneration {unknown}
 g - a potion of haste {unknown}

Dungeon Overview and Level Annotations

Branches:
Dungeon (4/15)
 Temple: D:4-7

Altars:
Cheibriados
Wu Jian

Shops:
D:2 :

Annotations:
D:4 Menkaure, Pikel


Message History

You shoot a sling bullet.
The sling bullet completely misses Pikel.
Pikel closely misses you.
Pikel says, "Asmodeus and me are pals.
He gave me this whip."
Pikel hits you with a +1 whip of flaming.
Pikel burns you.
You shoot a sling bullet. The sling bullet barely misses Pikel.
Pikel hits you with a +1 whip of flaming.
Pikel burns you. Pikel closely misses you.
You shoot a sling bullet. The sling bullet hits Pikel.
Pikel is heavily wounded.
Pikel hits you but does no damage. Pikel completely misses you.
You shoot a sling bullet. The sling bullet hits Pikel.
Pikel is heavily wounded.
Pikel hits you but does no damage. Pikel closely misses you.
You shoot a sling bullet. The sling bullet closely misses Pikel.
Pikel misses you.
Pikel hits you with a +1 whip of flaming.
Pikel burns you.
You shoot a sling bullet. The sling bullet closely misses Pikel.
Pikel hits you but does no damage.
You shoot a sling bullet. The sling bullet barely misses Pikel.
Pikel hits you but does no damage.
Pikel checks his coin pouch and frowns.
Pikel hits you with a +1 whip of flaming.
Pikel burns you.
You shoot a sling bullet. The sling bullet hits Pikel!
Pikel is almost dead.
Pikel hits you with a +1 whip of flaming.
Pikel burns you. Pikel barely misses you.
You shoot a sling bullet. The sling bullet closely misses Pikel.
Pikel hits you but does no damage. Pikel misses you.
You shoot a sling bullet. The sling bullet closely misses Pikel.
Pikel hits you but does no damage.
Pikel hits you with a +1 whip of flaming.
Pikel burns you.
You shoot a sling bullet. The sling bullet closely misses Pikel.
Pikel hits you with a +1 whip of flaming!
Pikel burns you.
You die...

## ...5##### #.w555K.#
#####@###
#.......#.#####.#.###
.....##.#.#...........
###..##...###........#
#......%...........#
##.####............#
+. #............#
#............#
#............#


You could see Pikel, 4 lemures and a worm.

Vanquished Creatures
  A scorpion (D:4)
  An iguana (D:4)
  2 adders
  A white imp (D:4)
  2 worms
  3 dart slugs
  An orc (D:3)
  6 endoplasms
  5 giant cockroaches
  4 hobgoblins (D:1)
  A jackal (D:2)
  A quokka (D:1)
  2 ball pythons
  5 bats
  A frilled lizard (D:3)
  9 goblins
  5 kobolds
  5 rats
55 creatures vanquished.

Notes
Turn   | Place    | Note
-------+----------+-------------------------------------------
     0 | D:1      | qw the Gargoyle Hexslinger began the quest for the Orb.
     0 | D:1      | Reached XP level 1. HP: 12/12 MP: 2/2
     0 | D:1      | 0 ||| qw: Version: 0.3-a-46-gb1f654a
     0 | D:1      | 0 ||| qw: Game counter: 3012
     0 | D:1      | 0 ||| qw: Melee chars always use a shield: true
     0 | D:1      | 0 ||| qw: God list: Okawaru
     0 | D:1      | 0 ||| qw: Allow faded altars: false
     0 | D:1      | 0 ||| qw: Do Orc after clearing Dungeon:15 true
     0 | D:1      | 0 ||| qw: Do second Lair branch before Depths: true
     0 | D:1      | 0 ||| qw: Lair rune preference: random
     0 | D:1      | 0 ||| qw: Goals: Normal
     0 | D:1      | 0 ||| PLANNING D:1-11
   157 | D:1      | Reached XP level 2. HP: 16/16 MP: 3/3
   344 | D:1      | Reached skill level 3 in Ranged Weapons
   741 | D:1      | 741 ||| FLEEEEING.
   748 | D:1      | Reached XP level 3. HP: 18/21 MP: 4/4
   841 | D:1      | 841 ||| UPGRADING to +0 ring mail.
   851 | D:1      | 851 ||| DROPPING +0 robe.
   852 | D:1      | 852 ||| UPGRADING to ring of willpower.
   853 | D:1      | 853 ||| READING scroll labelled GOTIOTA TOKK.
   854 | D:1      | 854 ||| READING scroll labelled VYEPRUZ TEMOO.
   859 | D:1      | 859 ||| READING scroll labelled FARCHU FIMODU.
   860 | D:1      | 860 ||| DRINKING 2 red potions.
   861 | D:1      | 861 ||| DROPPING scroll of poison.
   862 | D:1      | 862 ||| DROPPING potion of attraction.
  1259 | D:2      | Found Arghea's Book Shop.
  1420 | D:2      | 1420 ||| UPGRADING to ring of resist corrosion.
  1452 | D:3      | Reached skill level 4 in Ranged Weapons
  1452 | D:3      | Reached XP level 4. HP: 21/26 MP: 5/5
  1537 | D:3      | Found a snail-covered altar of Cheibriados.
  1670 | D:3      | Reached skill level 1 in Armour
  1775 | D:3      | Found an ornate altar of the Wu Jian Council.
  1916 | D:3      | Identified the +4 war axe of Fuymog {drain, rC+ Str+2}
  2274 | D:3      | 2274 ||| READING scroll labelled YGIPIU KAGI.
  2275 | D:3      | 2275 ||| READING scroll labelled HAREJASKULE.
  2275 | D:3      | Identified a scroll of acquirement
  2275 | D:3      | 2275 ||| ACQUIRING +3 pair of gauntlets of War {Slay+5}
  2275 | D:3      | Acquired the +3 pair of gauntlets of War {Slay+5}
  2275 | D:3      | Found the +3 pair of gauntlets of War {Slay+5}
  2277 | D:3      | 2277 ||| UPGRADING to +3 pair of gauntlets of War {Slay+5}.
  2282 | D:3      | 2282 ||| READING scroll labelled MOLA XAIJAOTTU.
  2283 | D:3      | 2283 ||| READING 2 scrolls of identify.
  2283 | D:3      | 2283 ||| IDENTIFYING orange potion
  2284 | D:3      | 2284 ||| DROPPING potion of invisibility.
  2334 | D:4      | Noticed a scorpion
  2338 | D:4      | Killed a scorpion
  2339 | D:4      | Reached XP level 5. HP: 22/30 MP: 6/6
  2434 | D:4      | Noticed Menkaure
  2440 | D:4      | HP: 7/30 [Menkaure (3)]
  2441 | D:4      | 2441 ||| READING scroll of teleportation.
  2443 | D:4      | HP: 2/30 [white imp/puff of frost (5)]
  2569 | D:4      | Reached skill level 5 in Ranged Weapons
  2578 | D:4      | Noticed Pikel
  2578 | D:4      | Noticed a lemure
  2578 | D:4      | Noticed a lemure
  2580 | D:4      | Noticed a lemure
  2580 | D:4      | Noticed a lemure
  2593 | D:4      | HP: 1/30 [Pikel/+1 whip of flaming (8)]
  2593 | D:4      | Slain by Pikel

Levels and vault maps discovered:
D:1:      dpeg_arrival_connections, layout_loops_corners
D:2:      layout_rooms, serial_shops, shop, kennysheep_generic_room_2
D:3:      layout_loops_ring, pdpol_wu_jian_five_deadly_venoms,
          cheibriados_altar_1, kennysheep_small_spiral, amethyst_killhole,
          corner_web_ring
D:4:      layout_basic, uniq_menkaure, uniq_pikel, uniq_edmund

Skill      XL: |  1  2  3  4  5 |
---------------+----------------+-----
Ranged Weapons | 3 4 5 |  5.2
Fighting       | 2 |  2.0
Armour         | 1 |  1.0
Dodging        | |  1.5
Spellcasting   | |  1.0
Hexes          | |  2.6

Action                     |  1- 3 |  4- 6 || total
---------------------------+-------+-------++-------
   Fire: Sling             |   150 |    74 ||   224
    Use: Scroll            |     3 |     5 ||     8
         Potion            |     1 |       ||     1
 Armour: Robe              |    17 |       ||    17
         Ring mail         |    31 |    17 ||    48
  Dodge: Dodged            |    49 |    16 ||    65

Table legend:
 A = Non-vault XP
 B = Vault XP
 C = Vault XP percentage of total XP
 D = Non-vault monster count
 E = Vault monster count
 F = Vault count percentage of total count
                 A         B        C        D         E       F
            +---------+---------+-------+---------+---------+-------
      Total |     250 |       2 |   0.8 |      54 |       1 |   1.8
            +---------+---------+-------+---------+---------+-------
        D:1 |      35 |       0 |   0.0 |      20 |       0 |   0.0
        D:2 |      41 |       2 |   4.7 |      15 |       1 |   6.2
        D:3 |      46 |       0 |   0.0 |      16 |       0 |   0.0
        D:4 |     128 |       0 |   0.0 |       3 |       0 |   0.0
            +---------+---------+-------+---------+---------+-------
